 Dungeon Crawl Stone Soup version 0.27.0-1-g7a089689b8 (console) character file.

Game seed: 5819197483529244309

1182 stickyfingers the Cleaver (level 8, -1/63 HPs)
             Began as a Hill Orc Gladiator on Aug 9, 2021.
             Slain by an ogre (12 damage)
             ... on level 6 of the Dungeon.
             The game lasted 00:04:29 (6275 turns).

stickyfingers the Cleaver (Hill Orc Gladiator)      Turns: 6275, Time: 00:04:30

Health: -1/63      AC: 17    Str: 19    XL:     8   Next: 42%
Magic:  8/8        EV:  7    Int:  8    God:
Gold:   212        SH:  0    Dex: 12    Spells: 7/7 levels left

rFire    . . .     SeeInvis .   a - +0 war axe
rCold    . . .     Faith    .   (no shield)
rNeg     . . .     Spirit   .   v - +0 plate armour
rPois    .         Reflect  .   c - +0 helmet
rElec    .         Harm     .   (no cloak)
rCorr    +         Rampage  .   (no gloves)
Will     .....                  H - +1 pair of boots
Stlth    ..........             (no amulet)
HPRegen  0.20/turn              k - ring of resist corrosion
MPRegen  0.11/turn              (no ring)

@: confused, lethally poisoned (-1 -> -2)
A: no striking features
a: no special abilities


You were on level 6 of the Dungeon.
You visited 1 branch of the dungeon, and saw 6 of its levels.

You collected 212 gold pieces.

Inventory:

Hand Weapons
 a - a +0 war axe (weapon)
 m - a +0 dagger of venom
   (You took it off a goblin on level 1 of the Dungeon)
Missiles
 d - 3 throwing nets
 h - 149 stones (quivered)
 p - 44 sling bullets
 q - 29 bolts
 w - 42 arrows
 y - 13 poisoned darts
 z - 12 boomerangs
 C - 5 javelins
 L - 6 datura-tipped darts
Armour
 b - a +0 leather armour
 c - a +0 helmet (worn)
 i - a +0 scale mail
   (You found it on level 1 of the Dungeon)
 v - a +0 plate armour (worn)
   (You found it on level 2 of the Dungeon)
 H - a +1 pair of boots (worn)
   (You found it on level 5 of the Dungeon)
 K - a +0 pair of gloves
   (You found it on level 6 of the Dungeon)
Jewellery
 k - a ring of resist corrosion (left hand)
   (You found it on level 1 of the Dungeon)
 n - a ring of wizardry
   (You found it on level 1 of the Dungeon)
 E - a ring of flight
   (You found it on level 5 of the Dungeon)
 F - a ring of fire
   (You found it on level 5 of the Dungeon)
Wands
 r - a wand of polymorph (4)
   (You took it off Jessica on level 2 of the Dungeon)
 x - a wand of flame (20)
   (You found it on level 3 of the Dungeon)
 G - a wand of mindburst (20)
   (You found it on level 5 of the Dungeon)
Scrolls
 j - a scroll of fear {unknown}
 l - a scroll of fog {unknown}
 o - 2 scrolls of identify {unknown}
 t - a scroll of enchant armour {unknown}
 u - 2 scrolls of teleportation {unknown}
 A - a scroll of brand weapon {unknown}
 D - a scroll of holy word {unknown}
 I - a scroll of immolation {unknown}
Potions
 e - 3 potions of flight {unknown}
 f - a potion of lignification {unknown}
 g - 3 potions of curing {unknown}
 s - a potion of attraction {unknown}
 B - a potion of heal wounds {unknown}
 J - 2 potions of berserk rage {unknown}


   Skills:
 + Level 3.2 Fighting
 * Level 9.6 Axes
 - Level 1.7 Throwing
 + Level 7.4 Armour
 - Level 2.4 Dodging


You had 7 spell levels left.
You didn't know any spells.
Your spell library contained the following spells:

 Spells                   Type           Power      Damage    Failure   Level
 Corona                   Hex            0%         N/A       100%        1
 Ensorcelled Hibernation  Hex/Ice        0%         N/A       100%        2
 Sublimation of Blood     Necr           0%         N/A       100%        2
 Tukima's Dance           Hex            0%         N/A       100%        3
 Petrify                  Tmut/Erth      0%         N/A       100%        4
 Irradiate                Conj/Tmut      0%         3d14      100%        5


Dungeon Overview and Level Annotations

Branches:
Dungeon (6/15)             Temple (0/1) D:6

Altars:
Sif Muna
Vehumet

Annotations:
D:1 wall
D:4 exclusion: statue


Message History

The bullfrog is moderately wounded.
The bullfrog hits you.
The bullfrog hits you but does no damage.
You hit the bullfrog.
The bullfrog is heavily wounded.
The bullfrog hits you.
You slash the bullfrog!
You kill the bullfrog!
No target in view!
No target in view!
No target in view!
There is an open door here.
You open the door.
There is an open door here.
You open the door.
There is an open door here.
L - 6 datura-tipped darts You open the door.
There is an open door here.
An orc comes into view. It is wielding a +0 club.
The orc shouts!
An orc is nearby!
An orc is nearby!
An orc comes into view. It is wielding a +0 club.
There are monsters nearby!
The orc shouts!
You hear a shout! x3
An orc wizard comes into view. It is wielding a +2 dagger of venom.
You barely miss the orc. The orc hits you but does no damage.
You hit the orc.
The orc is heavily wounded.
The orc barely misses you.
You completely miss the orc.
The orc is heavily wounded.
An orc comes into view. It is wielding a +0 dagger.
You slash the orc!
You kill the orc!
An ogre comes into view. It is wielding a +0 giant club.
You barely miss the orc wizard. You hit the orc wizard.
The orc wizard is moderately wounded.
You hit the orc. The orc hits you but does no damage.
The orc wizard points at you and mumbles some strange words.
You resist with some effort.
You closely miss the orc wizard.
The orc wizard is moderately wounded.
You barely miss the orc. The orc hits you but does no damage.
The orc wizard gestures wildly while chanting.
The orc wizard flickers and vanishes!
Deactivating autopickup; reactivate with Ctrl-A.
You slash the orc!
You kill the orc!
You hit something but do no damage. Something hits you.
You are poisoned.
You closely miss the orc. You hit something.
You feel sick.
You hear some strange, mumbled words.
A puff of flame appears from out of thin air!
The puff of flame hits you.
An orc comes into view. It is wielding a +0 hand axe.
The orc hits you but does no damage.
The orc shouts!
You hit the orc.
The orc is lightly wounded.
You hit something but do no damage.
You feel sick.
You hear some strange, mumbled words.
Something tries to affect you, but you resist.
The orc hits you but does no damage.
You slash the orc!
You kill the orc!
You closely miss something.
You feel sick. Something hits you but does no damage.
You slash the ogre!
The ogre is heavily wounded.
You miss something.
You feel sick. Something hits you but does no damage.
You are more poisoned.
The ogre hits you with a +0 giant club!
You hit the ogre.
The ogre is severely wounded.
You hit something.
You feel very sick. Something hits you.
You hit the ogre but do no damage.
The ogre is severely wounded.
You barely miss something.
You feel sick.
You hear some strange, mumbled words.
A puff of flame appears from out of thin air!
The puff of flame hits you but does no damage.
The ogre hits you with a +0 giant club!
You are too injured to fight recklessly!
You feel sick.
You hear some strange, mumbled words.
A puff of flame appears from out of thin air!
The puff of flame hits you.
* * * LOW HITPOINT WARNING * * *
You feel sick.
You feel sick.
Found a staircase to the Ecumenical Temple.
You feel sick.
You hear some strange, mumbled words.
You are confused.
You're too confused to move!
You feel sick. The ogre hits you with a +0 giant club!
You die...

#...#......#
#########'##......###
.....................
.....................
..................... ..
#.................... .⌠.
#..........##'#......
...###..........#..######.
......#######'###...'...#.
>..⌠.....#....##..##)..##
........@'....##..##...##
.###..O.#######..##...## #.
#....##...##...#.....
##...###o...#.....#...#..>..
......).....#.....#...#.....
##..###).##'##...##..##...##
#+###.##...##..##...##
#.................#
#.................'
#.................#
###################


You could see an ogre and an orc.

Vanquished Creatures
  A sky beast (D:5)
  A black bear (D:5)
  An ice beast (D:6)
  A centaur (D:6)
  A phantom (D:4)
  A bullfrog (D:6)
  3 scorpions (D:5 D:6)
  2 jellies (D:4 D:5)
  3 centaur skeletons (D:3 D:4 D:5)
  3 hounds (D:4 D:5)
  Jessica (D:2)
  2 iguanas (D:5)
  A hound zombie (D:5)
  4 gnolls (D:4)
  5 adders (D:3 D:4 D:5 D:6)
  A white imp (D:5)
  An ufetubus (D:6)
  An adder skeleton (D:5)
  4 worms (D:2 D:3 D:4 D:5)
  12 orcs (D:4 D:6)
  4 ball pythons (D:1 D:2 D:4)
  5 endoplasms (D:1 D:2 D:3)
  4 giant cockroaches (D:2 D:4)
  7 goblins (D:1 D:2 D:3 D:4)
  9 hobgoblins (D:1 D:2 D:3 D:4)
  4 jackals (D:3)
  3 quokkas (D:3)
  7 bats (D:1 D:2 D:3)
  15 frilled lizards (D:1 D:2 D:3)
  A kobold (D:1)
  2 rats (D:1 D:2)
110 creatures vanquished.

Vanquished Creatures (others)
  8 plants (D:3)
8 creatures vanquished.

Grand Total: 118 creatures vanquished

Notes
Turn   | Place    | Note
-------+----------+-------------------------------------------
     0 | D:1      | stickyfingers the Hill Orc Gladiator began the quest for
                  | the Orb.
     0 | D:1      | Reached XP level 1. HP: 18/18 MP: 1/1
   244 | D:1      | Reached XP level 2. HP: 20/25 MP: 2/2
   384 | D:1      | Reached skill level 5 in Axes
   456 | D:1      | Found a faded altar of an unknown god.
   675 | D:1      | Reached XP level 3. HP: 26/30 MP: 3/3
   963 | D:2      | You fall into a shaft and drop 1 floor!
  1150 | D:2      | Noticed Jessica
  1155 | D:2      | Killed Jessica
  1156 | D:2      | Reached skill level 6 in Axes
  1156 | D:2      | Reached XP level 4. HP: 37/37 MP: 4/4
  1956 | D:3      | Reached skill level 1 in Armour
  1967 | D:3      | Reached XP level 5. HP: 23/42 MP: 5/5
  2156 | D:3      | Reached skill level 2 in Armour
  2619 | D:4      | Reached skill level 7 in Axes
  2648 | D:4      | Reached skill level 3 in Armour
  2709 | D:4      | Noticed an ogre
  2724 | D:4      | Noticed a phantom
  2957 | D:4      | Reached XP level 6. HP: 45/50 MP: 6/6
  3022 | D:4      | HP: 13/50 [phantom (8)]
  3024 | D:4      | Reached skill level 4 in Armour
  3393 | D:4      | Found a radiant altar of Vehumet.
  3462 | D:4      | Found a shimmering blue altar of Sif Muna.
  3517 | D:4      | HP: 15/50 [gnoll (4)]
  3519 | D:4      | HP: 7/50 [gnoll (8)]
  3521 | D:4      | HP: 2/50 [gnoll (6)]
  3723 | D:4      | HP: 15/50 [gnoll (5)]
  4212 | D:5      | Entered Level 5 of the Dungeon
  4481 | D:5      | Reached skill level 5 in Armour
  4481 | D:5      | Reached XP level 7. HP: 44/56 MP: 7/7
  4570 | D:5      | Reached skill level 8 in Axes
  5302 | D:5      | Reached skill level 6 in Armour
  5751 | D:6      | Reached XP level 8. HP: 56/62 MP: 8/8
  5774 | D:5      | Reached skill level 9 in Axes
  5774 | D:5      | Reached skill level 7 in Armour
  6097 | D:6      | Reached skill level 3 in Fighting
  6271 | D:6      | HP: 15/63 [something/puff of flame (6)]
  6273 | D:6      | Found a staircase to the Ecumenical Temple.
  6275 | D:6      | Slain by an ogre

Illustrated notes

Levels and vault maps discovered:
D:1:      shiori_arrival_maze, layout_rooms, ebering_ecumenical_altar_abandoned,
          minivault_4, due_unseen_surprise
D:2:      layout_basic, serial_glass, glass_columns_b, glass_columns_b,
          uniq_jessica
D:3:      layout_basic, amethyst_killhole, minmay_lizard_king
D:4:      layout_loops_ring, lemuel_doored_altar, vehumet_statue
D:5:      layout_loops_cross
D:6:      layout_gridville, minmay_temple_entry_junction

Skill      XL: |  1  2  3  4  5  6  7  8 |
---------------+-------------------------+-----
Axes           | 5 6 7 8 9 |  9.6
Armour         | 1 3 5 6 7 |  7.4
Fighting       | 3 |  3.2
Throwing       | |  1.7
Dodging        | |  2.4

Action                   |  1- 3 |  4- 6 |  7- 9 || total
-------------------------+-------+-------+-------++-------
Melee: War axe           |    79 |   191 |   145 ||   415
Armor: Leather armour    |     3 |       |       ||     3
       Scale mail        |    28 |     9 |       ||    37
       Skin              |     1 |       |       ||     1
       Plate armour      |       |   155 |   104 ||   259
Dodge: Dodged            |    49 |    67 |    51 ||   167
